 Dungeon Crawl Stone Soup version 0.30-a0-1123-gabc949cf19 (webtiles) character file.

Game seed: 2491199513779965175

340 jtron the Charlatan (level 6, -4/57 HPs)
             Began as an Ogre Wanderer on Apr 23, 2023.
             Was an Initiate of Hepliaklqana.
             Killed by divine providence
             ... invoked by an orc priest
              (12 damage)
             ... on level 4 of the Dungeon.
             The game lasted 00:10:45 (3097 turns).

jtron the Charlatan (Ogre Wanderer)                 Turns: 3097, Time: 00:10:45

Health: -4/57      AC:  3    Str: 19    XL:     6   Next: 56%
Magic:  11/11      EV:  9    Int: 19    God:    Hepliaklqana [......]
Gold:   210        SH:  0    Dex:  8    Spells: 6/11 levels left

rFire   . . .        p - +2 quarterstaff (heavy)
rCold   . . .        (shield currently unavailable)
rNeg    . . .        d - +0 robe
rPois   .            (helmet restricted)
rElec   .            (no cloak)
rCorr   .            (gloves unavailable)
SInv    .            (boots unavailable)
Will    .....        (no amulet)
Stlth   +            i - +6 ring of intelligence
HPRegen 0.29/turn    (no ring)
MPRegen 0.12/turn

%: no passive effects
@: flying
A: large, unfitting armour, tough skin 1
a: Renounce Religion


You were on level 4 of the Dungeon.
You worshipped Hepliaklqana.
Hepliaklqana was noncommittal.
You visited 1 branch of the dungeon, and saw 4 of its levels.

You collected 210 gold pieces.

Inventory:

Hand Weapons
 a - a +1 short sword of speed
 f - a +0 club
 p - a +2 heavy quarterstaff (weapon)
Missiles
 b - a poisoned dart (quivered)
 l - 39 stones
 r - 6 boomerangs
Armour
 d - a +0 robe (worn)
 o - a scarf of invisibility
Jewellery
 i - a +6 ring of intelligence (left hand)
Wands
 e - a wand of roots (3)
Scrolls
 q - a scroll of magic mapping {unknown}
Potions
 c - a potion of attraction
 k - a potion of brilliance {unknown}


   Skills:
 + Level 2.0 Fighting
 + Level 0.3 Short Blades
 + Level 2.9 Staves
 + Level 1.1 Throwing
 + Level 1.9 Dodging
 + Level 1.1 Stealth
 + Level 3.4 Spellcasting
 * Level 1.9 Conjurations
 - Level 3.0 Ice Magic
 + Level 3.5 Evocations


You had 6 spell levels left.
You knew the following spells:

 Your Spells              Type           Power      Damage    Failure   Level
a - Freeze                Ice            56%        1d7       4%          1
b - Magic Dart            Conj           40%        1d5       7%          1
c - Hailstorm             Conj/Ice       12%        3d5       16%         3

Your spell library contained the following spells:

 Spells                   Type           Power      Damage    Failure   Level
 Shock                    Conj/Air       24%        1d4       10%         1
 Searing Ray              Conj           20%        2d5       10%         2
 Slow                     Hex            12%        N/A       14%         1
 Confusing Touch          Hex            3%         N/A       41%         3
 Swiftness                Air            3%         N/A       41%         3
 Vampiric Draining        Necr           3%         2d6       41%         3
 Fulminant Prism          Conj/Hex       3%         3d5       69%         4
 Airstrike                Air            1%         2d(1-17)  82%         4


Dungeon Overview and Level Annotations

Branches:
Dungeon (4/15)
 Temple: D:4-7

Altars:
Ashenzari
Hepliaklqana
Qazlal

Shops:
D:4 :


Innate Abilities, Weirdness & Mutations

You are too large for most types of armour.
You have tough skin. (AC +1)


Message History

* * * LOW HITPOINT WARNING * * *
The ufetubus hits you.
* * * LOW HITPOINT WARNING * * *
The ufetubus hits you.
* * * LOW HITPOINT WARNING * * *
The ufetubus hits you but does no damage.
You feel better. The ufetubus barely misses you. The ufetubus hits you.
* * * LOW HITPOINT WARNING * * *
The ufetubus hits you.
* * * LOW HITPOINT WARNING * * *
The ufetubus closely misses you. The ufetubus hits you.
* * * LOW HITPOINT WARNING * * *
The ufetubus barely misses you. The ufetubus attacks as you move away!
The ufetubus barely misses you. The ufetubus hits you.
* * * LOW HITPOINT WARNING * * *
The ufetubus hits you but does no damage. x2
The ufetubus barely misses you. The ufetubus completely misses you.
Found 16 gold pieces.
An adder comes into view.
The adder hisses angrily.
The ufetubus hits you.
* * * LOW HITPOINT WARNING * * *
The ufetubus barely misses you.
You sock the ufetubus!
You kill the ufetubus!
The adder barely misses you.
You miss the adder. The adder bites you but does no damage.
The orc hits you with a +0 club.
* * * LOW HITPOINT WARNING * * *
The adder bites you.
* * * LOW HITPOINT WARNING * * *
The orc hits you but does no damage.
You miss the adder. The adder barely misses you.
The orc hits you but does no damage. The adder barely misses you.
The orc misses you.
The orc priest invokes the aid of Beogh against you.
Beogh smites you!
You die...

#..........##.#.#≈≈.≈≈## .#
#######g#####.#.≈≈≈.≈≈≈###..#
#..g.g.#...≈≈⌠.⌠≈≈..#..#
#..###.###....∩........# #..#
#o#..#≈≈⌠.⌠≈≈#.##.# #..#
#.....≈≈≈.≈≈≈#.##.### #..#
#....og≈≈.≈≈<......... ...#
#...##o#...#.#.##.#### ###.#
#...##@#.#.#..... # #.#
#...##S#.#.###.### #.#
#..........# #.# ##..##$#.
..# #.....#.# ### ... # ...
.###


You could see an orc priest, an adder, an orc and a goblin.

Vanquished Creatures
  A black bear (D:4)
  A scorpion (D:4)
  A hound (D:4)
  An orc wizard (D:4)
  Robin (D:4)
  4 adders (D:3)
  An ufetubus (D:4)
  2 worms (D:3)
  9 orcs
  5 ball pythons
  2 giant cockroaches
  12 goblins
  7 hobgoblins
  3 jackals (D:2)
  2 quokkas (D:2)
  5 bats
  3 frilled lizards
  7 kobolds
  A rat (D:3)
68 creatures vanquished.

Notes
Turn   | Place    | Note
-------+----------+-------------------------------------------
     0 | D:1      | jtron the Ogre Wanderer began the quest for the Orb.
     0 | D:1      | jtron set off with the following items: a +0 club, a potion
                  | of lignification, a potion of attraction, a +0 robe, a wand
                  | of roots (3); and the following spell memorised: Freeze;
                  | and the following spells available to memorise: Hailstorm.
     0 | D:1      | Reached XP level 1. HP: 16/16 MP: 2/2
   255 | D:1      | Reached XP level 2. HP: 17/24 MP: 0/3
  1204 | D:2      | Learned a level 1 spell: Magic Dart
  1397 | D:2      | Reached XP level 3. HP: 18/31 MP: 5/5
  1758 | D:3      | Found a broken altar of Ashenzari.
  1904 | D:3      | Found a stormy altar of Qazlal.
  2033 | D:3      | Reached XP level 4. HP: 36/39 MP: 3/7
  2099 | D:3      | Reached skill level 1 in Staves
  2308 | D:3      | Reached skill level 1 in Conjurations
  2326 | D:3      | Found a hazy altar of Hepliaklqana.
  2587 | D:3      | Became a worshipper of Hepliaklqana the Forgotten
  2615 | D:4      | Found Cofunk's Self-Improvement Boutique.
  2641 | D:4      | Noticed a scorpion
  2656 | D:4      | Killed a scorpion
  2657 | D:4      | Reached skill level 1 in Fighting
  2657 | D:4      | Reached XP level 5. HP: 30/48 MP: 3/8
  2762 | D:4      | Noticed a black bear
  2767 | D:4      | Learned a level 3 spell: Hailstorm
  2779 | D:4      | Killed a black bear
  2780 | D:4      | Reached skill level 1 in Throwing
  2780 | D:4      | Reached XP level 6. HP: 27/57 MP: 1/10
  2895 | D:4      | Noticed Robin
  2902 | D:4      | Killed Robin
  3097 | D:4      | Killed from afar by an orc priest

Illustrated notes

Levels and vault maps discovered:
D:1:      roderic_chinese_lattice_arrival, layout_loops_ring
D:2:      layout_loops_ring, amethyst_killhole
D:3:      layout_basic, worldfamousw_hep_ancestral_shrine, old_standard_altar,
          nicolae_qazlal_general_emergency
D:4:      layout_basic, roderic_roman_lattice, nicolae_shop_self_help,
          uniq_robin

Skill      XL: |  1  2  3  4  5  6 |
---------------+-------------------+-----
Ice Magic      | 3 |  3.0
Spellcasting   | 2 3 |  3.4
Staves         | 2 |  2.9
Conjurations   | 1 |  1.9
Fighting       | 1 2 |  2.0
Throwing       | 1 |  1.1
Short Blades   | |  0.3
Dodging        | |  1.9
Stealth        | |  1.1
Evocations     | |  3.5

Action                     |  1- 3 |  4- 6 || total
---------------------------+-------+-------++-------
  Melee: Short sword       |    33 |       ||    33
         Unarmed           |    10 |       ||    10
         Club              |     8 |       ||     8
         Quarterstaff      |    16 |    66 ||    82
  Throw: Boomerang         |    15 |     2 ||    17
         Stone             |     2 |       ||     2
         Dart              |       |     4 ||     4
   Cast: Freeze            |    30 |    15 ||    45
         Magic Dart        |     1 |     4 ||     5
         Hailstorm         |       |     1 ||     1
    Use: Potion            |       |     4 ||     4
         Scroll            |       |     4 ||     4
 Armour: Robe              |    36 |    44 ||    80
         Skin              |       |    17 ||    17
  Dodge: Dodged            |    54 |    81 ||   135

Table legend: (Time is in decaauts)
 A = Elapsed time spent in this place.
 B = Non-inter-level travel time spent in this place.
 C = Inter-level travel time spent in this place.
 D = Time resting spent in this place.
 E = Time spent auto-exploring this place.
 F = Levels seen in this place.
 G = Mean time per level.
                   A        B        C        D        E       F      G
               +--------+--------+--------+--------+--------+-----+--------+
         Total |   3158 |   3067 |     91 |    413 |   2033 |   4 |  789.5 |
       Dungeon |   3158 |   3067 |     91 |    413 |   2033 |   4 |  789.5 |
               +--------+--------+--------+--------+--------+-----+--------+

Top non-repeatable levels by time:
     D:3: 926 daAuts
     D:1: 900 daAuts
     D:2: 819 daAuts
     D:4: 512 daAuts
